 Dungeon Crawl Stone Soup version 0.28-a0-1382-g92835e5c71 (webtiles) character file.

Game seed: 10140111845284698292

339 Gildeon the Magician (level 6, -2/34 HPs)
             Began as a Deep Elf Conjurer on Jan 1, 2022.
             Killed by nerve-wracking pain
             ... invoked by an orc priest
              (14 damage)
             ... on level 5 of the Dungeon.
             The game lasted 00:28:53 (4697 turns).

Gildeon the Magician (Deep Elf Conjurer)            Turns: 4697, Time: 00:28:53

Health: -2/34      AC:  2    Str: 16    XL:     6   Next: 29%
Magic:  5/15       EV: 13    Int: 25    God:
Gold:   178        SH:  0    Dex: 13    Spells: 1/15 levels left

rFire   . . .      SeeInvis .   d - +0 dagger
rCold   . . .      Faith    .   (no shield)
rNeg    . . .      Spirit   .   a - +0 robe
rPois   .          Reflect  .   (no helmet)
rElec   .          Harm     .   (no cloak)
rCorr   .          Rampage  .   (no gloves)
Will    .....                   (no boots)
Stlth   +++.......              (no amulet)
HPRegen 0.11/turn               f - +6 ring of strength
MPRegen 0.14/turn               g - +6 ring of strength

@: no status effects
A: no striking features
a: no special abilities


You were on level 5 of the Dungeon.
You visited 1 branch of the dungeon, and saw 5 of its levels.

You collected 178 gold pieces.

Inventory:

Hand Weapons
 d - a +0 dagger (weapon)
Armour
 a - a +0 robe (worn)
 j - a +0 leather armour
 k - a +0 ring mail of poison resistance
Jewellery
 f - a +6 ring of strength (left hand)
 g - a +6 ring of strength (right hand)
Wands
 p - a wand of acid (8)
 q - a wand of mindburst (12)
Scrolls
 h - 4 scrolls of teleportation {unknown}
 n - a scroll of immolation {unknown}
Potions
 b - 4 potions of attraction {unknown}
 c - a potion of resistance {unknown}
 e - a potion of curing {unknown}
 i - a potion of heal wounds
 l - 2 potions of brilliance {unknown}
 m - a potion of haste {unknown}
 o - a potion of berserk rage {unknown}


   Skills:
 + Level 1.0 Fighting
 + Level 1.3 Short Blades
 + Level 4.8 Dodging
 - Level 5.0 Stealth
 - Level 5.0 Spellcasting
 + Level 4.7 Conjurations


You had one spell level left.
You knew the following spells:

 Your Spells              Type           Power      Damage    Failure   Level
a - Magic Dart            Conj           100%       1d8       1%          1
b - Searing Ray           Conj           60%        2d6       1%          2
c - Dazzling Flash        Conj/Hex       36%        N/A       10%         3
d - Iskenderun's Mystic   Conj/Tloc      18%        2d6       30%         4
e - Fulminant Prism       Conj/Hex       9%         3d7       30%         4

Your spell library contained the following spells:

 Spells                   Type           Power      Damage    Failure   Level


Dungeon Overview and Level Annotations

Branches:
Dungeon (5/15)
 Temple: D:4-7

Altars:

Shops:
D:1 *   D:5 =

Annotations:
D:2 Robin, Sigmund
D:5 exclusion: hornet


Message History

You kill the orc!
You finish channelling your searing ray.
Casting: Searing Ray (safe; 1% risk of failure)
Confirm with . or Enter, or press ? or * to list all spells.
Aiming: Magic Dart (safe; 1% risk of failure)
Press: ? - help, Shift-Dir - straight line, f - orc
Aim: an orc, wielding a +0 falchion (100% to hit)
The magic dart hits the orc!
You kill the orc!
You start resting.
An orc priest comes into view. It is wielding a +0 hand axe.
Casting: Magic Dart (safe; 1% risk of failure)
Confirm with . or Enter, or press ? or * to list all spells.
Aiming: Magic Dart (safe; 1% risk of failure)
Press: ? - help, Shift-Dir - straight line, f - orc priest
Aim: an orc priest, wielding a +0 hand axe and wearing a +0 leather armour (100% to hit)
The magic dart hits the orc priest.
The orc priest is lightly wounded.
Casting: Magic Dart (safe; 1% risk of failure)
Confirm with . or Enter, or press ? or * to list all spells.
Aiming: Magic Dart (safe; 1% risk of failure)
Press: ? - help, Shift-Dir - straight line, f/p - orc priest
Aim: an orc priest, wielding a +0 hand axe and wearing a +0 leather armour (lightly wounded, 100% to hit)
The magic dart hits the orc priest but does no damage.
The orc priest is lightly wounded.
Casting: Magic Dart (safe; 1% risk of failure)
Confirm with . or Enter, or press ? or * to list all spells.
Aiming: Searing Ray (safe; 1% risk of failure)
Press: ? - help, Shift-Dir - straight line, f/p - orc priest
Aim: an orc priest, wielding a +0 hand axe and wearing a +0 leather armour (lightly wounded, 79% to hit)
The searing ray hits the orc priest!
The orc priest is severely wounded. (Press . to maintain the ray.)
The orc priest calls down the wrath of Beogh upon you.
Beogh smites you!
The searing ray hits the orc priest.
The orc priest is almost dead.
The orc priest invokes the aid of Beogh against you.
Pain shoots through your body!
You die...

#.....#<.......
###################.#.#.####.###.
.......................†.........
####.#############.#############.
#.# #.#...........#. #.# ##
#.#.####.####.#. #.# #.
#.#....#.#....#. #.#
#.####.####.#.#.####. ...
#.)o@.......#.#...... ###
#############.######.
............... #.#..........#.
.............. #..........##
+..........## #..........##
#..........#.


You could see an orc priest.

Vanquished Creatures
  A bullfrog (D:5)
  A jelly (D:5)
  A hound (D:5)
  Ijyb (D:3)
  Terence (D:2)
  An iguana (D:5)
  A hound skeleton (D:3)
  4 adders
  2 adder skeletons (D:4)
  A dart slug (D:3)
  11 orcs
  4 endoplasms
  2 giant cockroaches (D:3)
  7 goblins
  7 hobgoblins
  6 jackals
  7 quokkas
  7 ball pythons
  5 bats
  2 frilled lizards
  5 kobolds
  5 rats
82 creatures vanquished.

Notes
Turn   | Place    | Note
-------+----------+-------------------------------------------
     0 | D:1      | Gildeon the Deep Elf Conjurer began the quest for the Orb.
     0 | D:1      | Reached XP level 1. HP: 10/10 MP: 6/6
   343 | D:1      | Reached XP level 2. HP: 12/15 MP: 0/8
   346 | D:1      | Learned a level 2 spell: Searing Ray
   533 | D:1      | Found Fyhem's Assorted Antiques.
  1022 | D:2      | Noticed Terence
  1500 | D:2      | Reached XP level 3. HP: 19/19 MP: 8/10
  1504 | D:2      | Learned a level 3 spell: Dazzling Flash
  1727 | D:2      | Noticed Robin
  1800 | D:2      | Noticed Sigmund
  1900 | D:2      | Killed Terence
  1907 | D:1      | Reached XP level 4. HP: 23/24 MP: 0/12
  1913 | D:1      | Learned a level 4 spell: Iskenderun's Mystic Blast
  2684 | D:3      | Noticed Ijyb
  2693 | D:3      | Killed Ijyb
  2694 | D:3      | Reached XP level 5. HP: 13/28 MP: 2/14
  3727 | D:4      | Noticed an ice beast
  3810 | D:4      | Reached skill level 5 in Spellcasting
  3817 | D:3      | Learned a level 4 spell: Fulminant Prism
  3921 | D:4      | Noticed an ogre
  3925 | D:5      | Entered Level 5 of the Dungeon
  3925 | D:5      | Found Sacuul's Jewellery Emporium.
  4026 | D:5      | Reached skill level 1 in Short Blades
  4026 | D:5      | Reached skill level 5 in Stealth
  4026 | D:5      | Reached XP level 6. HP: 32/33 MP: 8/15
  4240 | D:5      | Noticed a hornet
  4480 | D:5      | Reached skill level 1 in Fighting
  4697 | D:5      | Killed from afar by an orc priest

Illustrated notes

Levels and vault maps discovered:
D:1:      eino_arrival_cavern_a, layout_loops_cross, serial_shops, shop
D:2:      layout_loops_ring, ebering_ecumenical_altar_sacrificial,
          supply_closet_lemuel, uniq_terence, uniq_robin, uniq_sigmund
D:3:      layout_loops_ring, uniq_ijyb
D:4:      minmay_recursive_quarters, layout_basic, cheibrodos_gnoll_hut
D:5:      layout_basic, serial_shops, nicolae_stop_n_shop_1,
          hangedman_decor_diamond_cutter, minmay_hedge_maze, roderic_lattice_a,
          uniq_duvessa

Skill      XL: |  1  2  3  4  5  6 |
---------------+-------------------+-----
Stealth        | 3 4 5 |  5.0
Dodging        | 3 4 |  4.8
Spellcasting   | 4 5 |  5.0
Short Blades   | 1 |  1.3
Fighting       | 1 |  1.0
Conjurations   | |  4.7

Action                   |  1- 3 |  4- 6 || total
-------------------------+-------+-------++-------
Melee: Unarmed           |     4 |       ||     4
       Dagger            |     5 |    12 ||    17
 Cast: Magic Dart        |    69 |    83 ||   152
       Searing Ray       |     3 |     6 ||     9
  Use: Scroll            |     1 |       ||     1
       Potion            |     1 |       ||     1
 Stab: Sleeping          |     2 |     5 ||     7
Armor: Robe              |    12 |     3 ||    15
Dodge: Dodged            |    25 |    30 ||    55

Table legend: (Time is in decaauts)
 A = Elapsed time spent in this place.
 B = Non-inter-level travel time spent in this place.
 C = Inter-level travel time spent in this place.
 D = Time resting spent in this place.
 E = Time spent auto-exploring this place.
 F = Levels seen in this place.
 G = Mean time per level.
                   A        B        C        D        E       F      G
               +--------+--------+--------+--------+--------+-----+--------+
         Total |   4701 |   4001 |    700 |   1534 |    356 |   5 |  940.2 |
       Dungeon |   4701 |   4001 |    700 |   1534 |    356 |   5 |  940.2 |
               +--------+--------+--------+--------+--------+-----+--------+

Top non-repeatable levels by time:
     D:1: 1494 daAuts
     D:3: 1203 daAuts
     D:5: 770 daAuts
     D:4: 704 daAuts
     D:2: 529 daAuts
